 Dungeon Crawl Stone Soup version 0.29-a0-323-g050149af67 (webtiles) character file.

Game seed: 2519884678517375755

24 spaghetti the Skirmisher (level 2, 25/25 HPs)
             Began as a Demonspawn Berserker on Apr 10, 2022.
             Was a Follower of Trog.
             Quit the game on level 1 of the Dungeon.
             The game lasted 00:00:34 (737 turns).

spaghetti the Skirmisher (Demonspawn Berserker)      Turns: 737, Time: 00:00:34

Health: 25/25      AC:  2    Str: 17    XL:     2   Next: 79%
Magic:  2/2        EV: 14    Int:  8    God:    Trog [*.....]
Gold:   2          SH:  0    Dex: 12    Spells: 1/1 levels left

rFire   . . .      SeeInvis .   a - +0 mace {mace}
rCold   . . .      Faith    .   (no shield)
rNeg    . . .      Spirit   .   b - +0 animal skin
rPois   .          Reflect  .   (no helmet)
rElec   .          Harm     .   (no cloak)
rCorr   .          Rampage  .   (no gloves)
Will    .....                   (no boots)
Stlth   +.........              (no amulet)
HPRegen 0.08/turn               (no ring)
MPRegen 0.08/turn               (no ring)

@: very slow
A: repulsion field 1
a: Renounce Religion, Berserk


You were on level 1 of the Dungeon.
You worshipped Trog.
Trog was aware of your devotion.
You visited 1 branch of the dungeon, and saw 1 of its levels.

You collected 2 gold pieces.


Innate Abilities, Weirdness & Mutations

You are surrounded by a mild repulsion field. (EV +2)


   Skills:
 + Level 4.1 Fighting
 - Level 2.6 Maces & Flails
 - Level 1.7 Armour
 - Level 1.7 Dodging


You had one spell level left.
You didn't know any spells.
Your spell library contained the following spells:

 Spells                   Type           Power      Damage    Failure   Level
 Call Canine Familiar     Summ           0%         N/A       78%         3
 Portal Projectile        Hex/Tloc       0%         N/A       78%         3
 Leda's Liquefaction      Hex/Erth       0%         N/A       99%         4

Inventory:

Hand Weapons
 a - a +0 mace (weapon) {mace}
Missiles
 f - 4 stones (quivered) {throwing}
 g - 5 javelins {throwing}
 h - 5 atropa-tipped darts {throwing}
Armour
 b - a +0 animal skin (worn)
Scrolls
 e - a scroll of enchant weapon {unknown}
 i - a scroll of enchant armour {unknown}
Potions
 c - 2 potions of curing {unknown}
 d - a potion of berserk rage {unknown}

Dungeon Overview and Level Annotations

Branches:
Dungeon (1/15)

Altars:

#... ..≈≈≈. ...# ...# #
.#.≈..≈+ ...# #...
#.≈≈_..≈≈ ....# ##..
#≈≈#.≈≈.. ....# ###
##.≈≈≈≈≈≈ #..!.# ####
#..##.≈.. ≈.... ....
#.≈#≈≈#≈##.≈# .###
#..#8.#≈.@# #
#.≈#≈##≈#######. #######
#.≈≈≈Z..#...#... .
....... #.####.#........
..###### #.#
#........#####.#
#.#####.......#.).#.##
#.............#...#..##
##.....#.)....#...#...##
#..........##.###.##..###


You could see a spectral kobold.


Message History

The bat hits you but does no damage.
A hobgoblin comes into view.
The bat barely misses you.
You barely miss the bat. The bat barely misses you. x2
You closely miss the bat. The bat misses you. The bat barely misses you.
A dart slug comes into view.
The hobgoblin shouts!
You sock the bat!
You kill the bat!
Trog accepts your kill. The bat hits you but does no damage.
You barely miss the bat. Your punch misses the bat. The bat hits you.
The bat closely misses you.
The bat hits you but does no damage. 😕 HP[-1]
You take 1 damage, and now have 24/25 hp.
You miss the bat. The bat barely misses you.
The bat hits you but does no damage.
You miss the bat. The bat closely misses you. The bat misses you.
You hit the bat.
The bat hits you but does no damage. x2; The bat hits you. 😕 HP[-1]
You take 1 damage, and now have 23/25 hp.
You are too injured to fight recklessly!
You are too injured to fight recklessly!
You are too injured to fight recklessly!
You are too injured to fight recklessly!
You are too injured to fight recklessly!
You are too injured to fight recklessly!
You are too injured to fight recklessly!
You are too injured to fight recklessly!
You are too injured to fight recklessly!
You are too injured to fight recklessly!
You are too injured to fight recklessly!
You are too injured to fight recklessly!
You are too injured to fight recklessly!
You are too injured to fight recklessly!
Unknown command.
You closely miss the bat. You punch the bat.
You kill the bat!
Trog accepts your kill.
A rat comes into view.
You hit the kobold. The kobold closely misses you.
The kobold hits you but does no damage.
You miss the kobold.
The kobold hits you with a +0 whip. 😕 HP[-1]
You take 1 damage, and now have 22/25 hp.
You hit the kobold.
You kill the kobold!
Trog accepts your kill.
You hit the rat.
You kill the rat!
Trog accepts your kill. The hobgoblin barely misses you.
You hit the hobgoblin. The hobgoblin barely misses you.
You closely miss the hobgoblin. The hobgoblin closely misses you.
You barely miss the hobgoblin.
The hobgoblin hits you but does no damage.
You hit the hobgoblin. The hobgoblin misses you.
The hobgoblin closely misses you.
You hit the hobgoblin but do no damage. The hobgoblin hits you. 😕 HP[-3]
You take 3 damage, and now have 19/25 hp.
You hit the hobgoblin.
You kill the hobgoblin!
Trog accepts your kill.
Your Fighting skill increases to level 4!
You thump the hobgoblin!
You kill the hobgoblin!
Trog accepts your kill. 😕 HP[+1]
You sock the dart slug! The dart slug closely misses you.
You hit the dart slug.
You kill the dart slug!
Trog accepts your kill.
f - 4 stones {throwing}
Items here: )) ††††.
You start resting. 😎 HP[+5]
Your hp is fully restored (25).
Items here: )) ††††.
g - 5 javelins {throwing} You pick up a book of the Hunter {forbidden} and begin reading...
You add the spells Call Canine Familiar, Portal Projectile and Leda's Liquefaction to your library.
Items here: )) ††††.
h - 5 atropa-tipped darts {throwing} You see here a +0 falchion {long}.
c - 2 emerald potions (gained 1)
i - a scroll labelled OHUMIVVEDYWE You enter the shallow water.
Moving in this stuff is going to be slow.
A spectral kobold comes into view.
Found a faded altar of an unknown god.
The spectral kobold moves out of view.
Unknown command.
You enter the shallow water.
Moving in this stuff is going to be slow.
You enter the shallow water.
Moving in this stuff is going to be slow.
A spectral kobold is nearby!
A spectral kobold is nearby!
A spectral kobold is nearby!
Are you sure you want to abandon this character and quit the game? (Confirm with "yes".)

Skill      XL: |  1  2 |
---------------+-------+-----
Fighting       | 4 |  4.1
Maces & Flails | |  2.6
Armour         | |  1.7
Dodging        | |  1.7

Action                   || total
-------------------------++-------
Melee: Mace              ||    58
       Punch             ||     2
Invok: Berserk           ||     1
 Stab: Sleeping          ||     1
Armor: Animal skin       ||    17
Dodge: Dodged            ||    48

Levels and vault maps discovered:
D:1:      minmay_arrival_jagged, layout_rooms,
          dreamdust_ecumenical_altar_drowned_temple, minmay_vboxes

Notes
Turn   | Place    | Note
-------+----------+-------------------------------------------
     0 | D:1      | spaghetti the Demonspawn Berserker began the quest for the
                  | Orb.
     0 | D:1      | Reached XP level 1. HP: 18/18 MP: 1/1
     0 | D:1      | magus.rc [v1.9.6]
    68 | D:1      | HP: 6/27 [jackal (3)]
    70 | D:1      | Gained mutation: You are surrounded by a mild repulsion
                  | field. (EV +2) [demonic ancestry]
    70 | D:1      | Reached XP level 2. HP: 8/24 MP: 2/2
   612 | D:1      | Reached skill level 4 in Fighting
   682 | D:1      | You pick up a book of the Hunter {forbidden} and begin
                  | reading...
   682 | D:1      | You add the spells Call Canine Familiar, Portal Projectile
                  | and Leda's Liquefaction to your library.
   730 | D:1      | Found a faded altar of an unknown god.
   737 | D:1      | Quit the game

Vanquished Creatures
  A dart slug (D:1)
  3 bats (D:1)
  A giant cockroach (D:1)
  3 hobgoblins (D:1)
  4 jackals (D:1)
  3 kobolds (D:1)
  2 ball pythons (D:1)
  2 rats (D:1)
19 creatures vanquished.

Table legend:
 A = Non-vault XP
 B = Vault XP
 C = Vault XP percentage of total XP
 D = Non-vault monster count
 E = Vault monster count
 F = Vault count percentage of total count
                 A         B        C        D         E       F
            +---------+---------+-------+---------+---------+-------
      Total |      22 |      13 |  37.1 |      12 |       7 |  36.8
            +---------+---------+-------+---------+---------+-------
        D:1 |      22 |      13 |  37.1 |      12 |       7 |  36.8
            +---------+---------+-------+---------+---------+-------

Illustrated notes

Table legend:
 A = Kills in this place as a percentage of kills in entire the game.
 B = Kills by you in this place as a percentage of kills by you in the entire game.
 C = Kills by friends in this place as a percentage of kills by friends in the entire game.
 D = Other kills in this place as a percentage of other kills in the entire game.
 E = Experience gained in this place as a percentage of experience gained in the entire game.
 F = Experience gained in this place divided by the number of levels of this place that you have seen.
                   A       B       C       D       E      F
               +-------+-------+-------+-------+-------+----------------------
         Total | 100.0 | 100.0 |   N/A |   N/A | 100.0 |  35.0
       Dungeon | 100.0 | 100.0 |   N/A |   N/A | 100.0 |  35.0
               +-------+-------+-------+-------+-------+----------------------

Table legend: (Time is in decaauts)
 A = Elapsed time spent in this place.
 B = Non-inter-level travel time spent in this place.
 C = Inter-level travel time spent in this place.
 D = Time resting spent in this place.
 E = Time spent auto-exploring this place.
 F = Levels seen in this place.
 G = Mean time per level.
                   A        B        C        D        E       F      G
               +--------+--------+--------+--------+--------+-----+--------+
         Total |    770 |    770 |      0 |    485 |    181 |   1 |  770.0 |
       Dungeon |    770 |    770 |      0 |    485 |    181 |   1 |  770.0 |
               +--------+--------+--------+--------+--------+-----+--------+

Top non-repeatable levels by time:
     D:1: 770 daAuts
